AoeStats
← InterdimensionalGayfrog

Pilgrims

509764081Analyzed
3v3 RM · 6d ago on Sep 27, 2026· 32m 12s· 6 players
Game mode
Random Map
Map size
Normal (6 player)
Population
200
Speed
Normal
Resources
Standard
Victory
Conquest
Starting age
Dark Age
Ending age
Imperial Age
RankedLock teamsTeams togetherTeam positionsShared explorationLock speedFull tech treeHidden civsTurbo modeCheats
Victory
Defeat
🇧🇷 Danes · Brazil
1484
+13
🇨🇦 Vikings · Canada
1412
+16
🇺🇸 Varangians · United States
1322
+21
🇬🇧 Dravidians · United Kingdom
1432
-17
🇺🇸 Italians · United States
1428
-17
🇺🇸 Varangians · United States
1393
-16
InterdimensionalGayfrog
8:14 Loom
12:17 Feudal Age
17:15 Castle Age
16:21 Scale Barding Armor
SometimesUnlucky
6:51 Loom
12:19 Feudal Age
13:36 Fishing Lines
18:10 Castle Age
17:18 Scale Mail Armor
19:09 Squires
20:12 Medium Warships
26:47 Gillnets
27:00 Double-Bit Axe
27:55 Fletching
29:58 Bodkin Arrow
31:19 Elite Skirmisher
Baratinha
5:24 Loom
12:03 Feudal Age
13:33 Wheelbarrow
12:58 Fishing Lines
16:05 Castle Age
13:54 Double-Bit Axe
14:03 Gold Mining
17:14 Hand Cart
17:10 Bow Saw
18:08 Fletching
19:03 Bodkin Arrow
24:00 Ballistics
26:23 Horse Collar
32:09 Imperial Age
31:24 Arson
31:40 Squires
32:15 Scale Mail Armor
33:13 Gold Shaft Mining
some.spiced.ham
11:04 Feudal Age
9:20 Loom
11:59 Double-Bit Axe
12:45 Fishing Lines
18:20 Wheelbarrow
25:21 Castle Age
26:25 Medium Warships
27:11 Gillnets
27:17 Fletching
31:28 Hand Cart
30:59 Town Watch
32:06 Bodkin Arrow
el_Feist
5:31 Loom
9:10 Feudal Age
10:44 Double-Bit Axe
12:35 Wheelbarrow
17:13 Castle Age
15:19 Fishing Lines
17:17 Demolition Ship
18:16 Medium Warships
18:37 Bow Saw
18:43 Fletching
18:59 Gillnets
19:15 Town Watch
23:11 Clinker Construction
23:24 Bodkin Arrow
23:59 Horse Collar
24:45 Gold Mining
25:34 Careening
26:55 Ballistics
Doak
9:56 Feudal Age
10:00 Loom
11:21 Double-Bit Axe
14:34 Castle Age
12:38 Gold Mining
12:59 Fletching
13:35 Padded Archer Armor
15:14 Bodkin Arrow
15:09 Crossbowman
18:16 Bow Saw
18:45 Fishing Lines
21:17 Leather Archer Armor
23:13 Wheelbarrow
25:16 Hand Cart
29:38 Imperial Age
31:22 Chemistry
31:23 Bracer
32:52 Medium Warships
32:59 Medium Warships
Connection lost

Rejoining the realm…

Still unreachable

The connection could not be restored.

Session expired

The server has moved on; the page needs a fresh start.